Map: Galactic Process LE

Players

Fropez

  • Race: Protoss Protoss
  • League: Gold
  • Spawn Location: 1:00

NerdO - Winner!

  • Race: Protoss Protoss
  • League: Silver
  • Spawn Location: 7:00

VOD

Have the link to the VOD?

Description

Time

  • Played on: Aug. 22, 2016, 4:29 p.m.
  • Length: 5:59
Show
View Real Time Build Order
Export as new Build Order

Fropez Protoss 

Build Orders: 1 Gate Expand 

Get SALT Encoding   

  12  0:01  Probe (Chrono Boost)  
  13  0:14  Pylon  
  13  0:17  Probe (Chrono Boost)  
  14  0:27  Probe (Chrono Boost)  
  15  0:34  Gateway  
  15  0:38  Probe (Chrono Boost)  
  16  0:49  Probe (Chrono Boost)  
  17  1:07  Probe (Chrono Boost)  
  18  1:17  Probe (Chrono Boost)  
  19  1:18  Nexus  
  19  1:25  Pylon  
  19  1:30  Pylon  
  19  1:32  Probe (Chrono Boost)  
  20  1:36  Assimilator  
  20  1:43  Cybernetics Core  
  20  1:48  Assimilator  
  20  1:49  Probe (Chrono Boost)  
  21  2:03  Probe (Chrono Boost)  
  22  2:12  Assimilator  
  22  2:14  Probe (Chrono Boost)  
  23  2:23  Gateway  
  23  2:29  Probe  
  23  2:30  Probe  
  23  2:32  Assimilator  
  23  2:34  Warp Gate (Chrono Boost)  
  25  2:40  Probe  
  26  2:45  Probe  
  26  2:50  Mothership Core  
  26  2:51  Pylon  
  27  2:57  Probe  
  30  3:01  Pylon  
  30  3:08  Adept  
  30  3:10  Adept, Probe  
  35  3:15  Probe  
  36  3:22  Probe  
  37  3:42  Gateway  
  32  3:51  Probe  
  32  3:53  Probe  
  29  4:08  Probe, Forge  
  30  4:12  Pylon  
  25  4:40  Stalker  
  25  4:41  Stalker x2  
  25  4:45  Photon Cannon  
  26  4:47  Probe  
  26  4:48  Probe  
  24  5:03  Probe x2 (Chrono Boost)  
  24  5:14  Probe x2 (Chrono Boost)  
  26  5:28  Photon Cannon  
  26  5:31  Probe (Chrono Boost)  
  26  5:35  Probe (Chrono Boost)  
  26  5:46  Probe (Chrono Boost)  
  26  5:47  Probe (Chrono Boost)  
Show
View Real Time Build Order
Export as new Build Order

NerdO Protoss - Winner!

Build Orders: Oracle Opening 

Get SALT Encoding   

  12  0:01  Probe (Chrono Boost)  
  13  0:14  Pylon  
  13  0:21  Probe (Chrono Boost)  
  14  0:31  Probe (Chrono Boost)  
  14  0:34  Gateway  
  15  0:40  Assimilator  
  15  0:45  Probe (Chrono Boost)  
  16  0:50  Assimilator  
  16  0:55  Probe (Chrono Boost)  
  17  1:06  Probe (Chrono Boost)  
  17  1:09  Gateway  
  18  1:16  Probe (Chrono Boost)  
  19  1:29  Cybernetics Core  
  19  1:34  Probe (Chrono Boost)  
  20  1:49  Probe (Chrono Boost)  
  20  1:52  Pylon  
  21  2:02  Probe (Chrono Boost)  
  21  2:06  Warp Gate  
  22  2:11  Stargate  
  22  2:19  Stalker  
  24  2:27  Stalker  
  26  2:37  Pylon  
  26  2:40  Probe (Chrono Boost)  
  27  2:51  Mothership Core (Chrono Boost)  
  29  2:55  Oracle  
  32  3:03  Pylon  
  32  3:09  Probe (Chrono Boost)  
  33  3:19  Probe (Chrono Boost)  
  34  3:36  Oracle  
  34  3:38  Probe (Chrono Boost)  
  38  3:49  Probe (Chrono Boost)  
  39  4:10  Stalker x2  
  39  4:14  Nexus  
  43  4:50  Probe (Chrono Boost)  
  43  4:51  Stalker  
  46  5:00  Probe (Chrono Boost)  
  47  5:12  Twilight Council  
  47  5:13  Robotics Facility  
  47  5:15  Gateway  
  47  5:17  Pylon  
  47  5:18  Pylon  
  47  5:26  Probe (Chrono Boost)  
  47  5:27  Probe (Chrono Boost)  
  49  5:29  Stalker  
  49  5:31  Stalker  
  53  5:36  Probe (Chrono Boost)  
  53  5:37  Probe (Chrono Boost)  
  55  5:47  Probe (Chrono Boost)  
Tags
 
Add a new tag
Caveats
  • Supply blocks, unpowered buildings, or Contaminate may cause inaccurate times.
  • Supply counts are checked every 10 seconds.